Map: Oxide LE

Players

Future - Winner!

  • Race: Terran Terran

MCanning

  • Race: Protoss Protoss

Event: DreamHack SC2 Masters 2021 Summer

VOD

Have the link to the VOD?

Description

Time

  • Played on: May 29, 2021, 3:37 p.m.
  • Length: 8:22

All games in this series

Show
View Real Time Build Order
Export as new Build Order

Future Terran - Winner!

Build Orders:  

Get SALT Encoding   

  12  0:00  SCV  
  13  0:12  SCV  
  14  0:17  Supply Depot  
  14  0:24  SCV  
  15  0:38  SCV  
  15  0:39  Barracks  
  16  0:43  Refinery  
  16  0:50  SCV  
  17  1:02  SCV  
  18  1:14  SCV  
  19  1:26  Orbital Command  
  20  1:38  Command Center  
  19  1:40  Marine  
  20  1:52  SCV  
  21  1:56  Factory  
  21  2:02  Barracks Reactor  
  21  2:04  SCV  
  21  2:08  Supply Depot  
  22  2:16  SCV  
  23  2:29  Refinery, SCV  
  24  2:35  Bunker  
  24  2:41  SCV  
  24  2:42  Starport  
  25  2:47  Hellion x2  
  29  2:52  Orbital Command  
  29  2:55  SCV  
  30  3:08  SCV  
  30  3:09  Widow Mine x2  
  35  3:18  SCV  
  35  3:19  Medivac  
  38  3:20  SCV  
  38  3:23  Supply Depot  
  39  3:30  Widow Mine x2  
  39  3:31  SCV  
  39  3:32  SCV  
  45  3:36  Barracks Tech Lab  
  45  3:37  Supply Depot  
  45  3:43  SCV  
  45  3:45  SCV  
  47  3:50  Starport Tech Lab  
  47  3:55  Refinery  
  47  3:56  SCV  
  47  3:57  SCV  
  49  4:03  Marine  
  49  4:04  Marine  
  49  4:05  Siege Tank, Supply Depot  
  49  4:08  SCV  
  49  4:09  SCV  
  56  4:12  Viking  
  58  4:20  SCV  
  58  4:21  SCV, Marine  
  58  4:22  Marine  
  58  4:32  SCV  
  58  4:33  SCV  
  58  4:34  Supply Depot  
  58  4:38  Siege Tank  
  61  4:39  Marine  
  61  4:40  Marine  
  61  4:44  SCV  
  62  4:45  SCV  
  62  4:47  Supply Depot  
  62  4:48  Barracks  
  63  4:56  SCV, Raven  
  63  4:57  Marine x2  
  63  4:58  SCV  
  69  5:00  Barracks  
  69  5:09  SCV  
  69  5:10  SCV  
  69  5:14  Marine  
  69  5:15  Marine  
  69  5:16  Siege Tank  
  69  5:18  Supply Depot  
  69  5:19  Engineering Bay  
  69  5:21  SCV  
  73  5:22  SCV  
  74  5:29  Refinery  
  74  5:30  Supply Depot  
  74  5:32  Marine  
  74  5:33  SCV, Marine  
  74  5:34  SCV  
  78  5:48  Command Center, Stimpack  
  77  5:50  Starport Reactor  
  77  5:54  Marine x2  
  77  5:55  Marauder  
  77  5:56  Terran Infantry Weapons Level 1  
  81  5:58  Factory Tech Lab  
  81  6:00  Marauder  
  81  6:02  Combat Shield, Supply Depot x2  
  83  6:15  Marine x2  
  83  6:17  Marauder  
  87  6:19  Barracks  
  87  6:22  Barracks, Marauder  
  87  6:26  Medivac  
  87  6:29  Medivac  
  91  6:35  Marine x2  
  91  6:38  Marauder  
  95  6:40  SCV x2  
  95  6:43  Supply Depot  
  95  6:44  Marauder  
  95  6:45  Supply Depot, Siege Tank  
  102  6:52  SCV x2  
  102  6:53  Marine x2  
  106  6:57  Medivac  
  106  7:00  Marauder  
  110  7:04  SCV x2  
  110  7:05  Marauder  
  110  7:06  Orbital Command  
  110  7:07  Barracks Reactor  
  114  7:09  Barracks Tech Lab  
  114  7:16  SCV x2  
  114  7:17  Marine x2  
  114  7:21  Marauder  
  120  7:25  Siege Tank  
  120  7:26  Marauder  
  120  7:28  SCV x2  
  127  7:38  Marauder  
  127  7:43  Marauder, Medivac  
  132  7:44  Orbital Command  
  132  7:45  Marine x3  
  132  7:48  Marauder  
  132  7:50  SCV  
  132  7:51  Bunker, Supply Depot  
  126  7:59  Marauder  
Show
View Real Time Build Order
Export as new Build Order

MCanning Protoss 

Build Orders: 1 Gate Expand, Blink Stalkers 

Get SALT Encoding   

  12  0:00  Probe  
  13  0:12  Probe  
  14  0:17  Pylon  
  14  0:24  Probe  
  15  0:36  Probe (Chrono Boost), Gateway  
  16  0:47  Probe (Chrono Boost), Assimilator  
  17  0:51  Probe (Chrono Boost)  
  18  1:03  Probe  
  19  1:15  Probe  
  20  1:22  Nexus  
  20  1:34  Cybernetics Core  
  20  1:36  Probe  
  21  1:45  Assimilator  
  21  1:48  Probe  
  22  1:54  Pylon  
  22  2:00  Probe  
  23  2:09  Adept (Chrono Boost)  
  23  2:12  Probe (Chrono Boost)  
  23  2:13  Warp Gate (Chrono Boost)  
  26  2:22  Probe (Chrono Boost)  
  27  2:23  Twilight Council  
  27  2:27  Probe (Chrono Boost)  
  28  2:36  Stalker  
  30  2:39  Probe (Chrono Boost)  
  30  2:43  Probe (Chrono Boost)  
  32  2:50  Probe (Chrono Boost)  
  34  2:53  Probe (Chrono Boost)  
  34  2:55  Probe (Chrono Boost)  
  35  3:02  Blink (Chrono Boost)  
  35  3:03  Probe  
  35  3:05  Probe  
  37  3:15  Probe  
  37  3:17  Probe  
  37  3:18  Gateway  
  39  3:21  Gateway  
  39  3:27  Probe  
  39  3:28  Robotics Facility  
  39  3:30  Probe  
  41  3:37  Shield Battery  
  41  3:39  Probe  
  42  3:43  Probe  
  42  3:46  Pylon  
  43  3:51  Probe  
  43  3:53  Pylon  
  43  3:55  Probe  
  45  4:03  Probe  
  45  4:05  Stalker  
  45  4:07  Probe  
  45  4:08  Pylon  
  49  4:13  Assimilator  
  49  4:14  Pylon  
  49  4:15  Probe  
  49  4:16  Stalker  
  52  4:19  Probe  
  52  4:23  Observer  
  51  4:27  Probe (Chrono Boost)  
  49  4:33  Probe (Chrono Boost)  
  48  4:39  Probe (Chrono Boost)  
  48  4:40  Stalker x2  
  54  4:48  Probe x2 (Chrono Boost)  
  54  4:51  Observer  
  56  5:00  Stalker  
  56  5:02  Probe  
  57  5:08  Stalker x2  
  57  5:09  Probe  
  57  5:12  Charge (Chrono Boost)  
  59  5:14  Probe  
  59  5:21  Probe  
  59  5:26  Probe, Observer  
  61  5:32  Observer  
  61  5:34  Nexus  
  61  5:35  Probe, Pylon  
  63  5:38  Probe  
  64  5:51  Gateway x2  
  64  5:52  Sentry  
  64  5:54  Gateway  
  64  5:55  Probe, Gateway  
  67  6:01  Probe  
  68  6:06  Immortal (Chrono Boost)  
  73  6:13  Stalker  
  73  6:15  Zealot  
  73  6:17  Probe (Chrono Boost)  
  72  6:21  Pylon  
  72  6:23  Probe (Chrono Boost)  
  71  6:26  Sentry  
  71  6:29  Probe (Chrono Boost)  
  75  6:34  Probe x2 (Chrono Boost)  
  76  6:41  Immortal (Chrono Boost)  
  76  6:43  Probe (Chrono Boost)  
  76  6:44  Probe (Chrono Boost)  
  82  6:50  Probe (Chrono Boost)  
  83  6:55  Probe (Chrono Boost)  
  83  6:56  Robotics Bay  
  83  6:58  Shield Battery  
  86  7:01  Probe (Chrono Boost)  
  86  7:03  Probe x2 (Chrono Boost)  
  86  7:06  Zealot x2  
  86  7:07  Probe (Chrono Boost)  
  92  7:09  Probe  
  92  7:11  Probe  
  92  7:25  Zealot x2  
  92  7:26  Zealot x3  
  100  7:33  Zealot x2  
  98  7:43  Probe  
  93  7:46  Zealot x2  
  93  7:47  Zealot x2  
  100  8:02  Zealot x3  
  94  8:07  Zealot x3  
  94  8:08  Zealot  
Tags
 
Add a new tag
Caveats
  • Supply blocks, unpowered buildings, or Contaminate may cause inaccurate times.
  • Supply counts are checked every 10 seconds.